 Dungeon Crawl Stone Soup version 0.27.1-4-g1640c2035a (webtiles) character file.

Game seed: 2448098076826499414

37 VictoriousLee the Bolt Thrower (level 3, -3/27 HPs)
             Began as a Formicid Hunter on Nov 14, 2021.
             Slain by Jessica (10 damage)
             ... on level 2 of the Dungeon.
             The game lasted 00:04:57 (913 turns).

VictoriousLee the Bolt Thrower (Formicid Hunter)     Turns: 913, Time: 00:04:58

Health: -3/27      AC:  4    Str: 16    XL:     3   Next: 60%
Magic:  3/3        EV: 11    Int: 10    God:
Gold:   73         SH:  0    Dex: 12    Spells: 2/2 levels left

rFire    . . .     SeeInvis +   a - +1 hand crossbow
rCold    . . .     Faith    .   (no shield)
rNeg     . . .     Spirit   .   c - +0 leather armour
rPois    .         Reflect  .   (helmet unavailable)
rElec    .         Harm     .   j - +0 cloak
rCorr    .         Rampage  .   (no gloves)
Will     .....                  (no boots)
Stlth    +.........             (no amulet)
HPRegen  0.09/turn              (no ring)
MPRegen  0.08/turn              (no ring)

@: no status effects
A: permanent stasis, dig shafts and tunnels, antennae 3, four strong arms
a: Dig, Shaft Self


You were on level 2 of the Dungeon.
You visited 1 branch of the dungeon, and saw 2 of its levels.

You collected 73 gold pieces.

Inventory:

Hand Weapons
 a - a +1 hand crossbow (weapon)
 b - a +0 club
 f - a +0 short sword
 h - a +0 flail
 l - a +0 whip
Missiles
 d - 10 bolts (quivered ammo)
 e - 12 arrows
 k - 3 atropa-tipped darts
Armour
 c - a +0 leather armour (worn)
 i - a +0 plate armour
 j - a +0 cloak (worn)
Scrolls
 p - a scroll of enchant armour {unknown}
Potions
 g - a potion of might {unknown}
 m - a potion of flight {unknown}
 n - a potion of mutation {unknown}
 o - a potion of brilliance {unknown}


   Skills:
 - Level 2.1 Fighting
 + Level 5.1 Crossbows
 - Level 1.7 Dodging
 - Level 1.2 Stealth


You had 2 spell levels left.
You didn't know any spells.
Your spell library contained the following spells:

 Spells                   Type           Power      Damage    Failure   Level
 Lesser Beckoning         Tloc           0%         N/A       80%         3
 Manifold Assault         Tloc           0%         N/A       100%        5
 Blink                    Tloc           Unusable   N/A       N/A         2

Dungeon Overview and Level Annotations

Branches:
Dungeon (2/15)

Altars:

Annotations:
D:2 Jessica


Innate Abilities, Weirdness & Mutations

You cannot be hasted, slowed, berserked, paralysed or teleported.
You can dig through walls and to a lower floor.
You have a pair of large antennae on your head. (SInv)
Your four strong arms can wield two-handed weapons with a shield.


Message History

The rat is severely wounded.
The rat misses you.
You hit the rat.
You kill the rat!
a - a +1 hand crossbow (weapon)
HP restored.
You see here a rat corpse.
You sense a monster nearby.
An endoplasm comes into view.
You shoot a bolt. The bolt hits the endoplasm!
You kill the endoplasm!
d - 16 bolts (gained 1)
A goblin comes into view. It is wielding a +0 dagger.
You shoot a bolt. The bolt closely misses the goblin.
The goblin shouts!
The goblin unwields a +0 dagger.
The goblin wields a +0 hunting sling.
The goblin shoots a stone.
The stone hits you but does no damage.
You shoot a bolt. The bolt closely misses the goblin.
A rat comes into view.
The goblin shoots a stone.
The stone hits you.
The rat moves out of view.
You shoot a bolt. The bolt closely misses the goblin.
The goblin shoots a stone.
The stone hits you.
You shoot a bolt. The bolt barely misses the goblin.
The goblin shoots a stone.
The stone hits you.
Jessica the Apprentice Sorceress comes into view.
She is wielding a +7 club.
The goblin shoots a stone.
The stone hits you but does no damage.
You shoot a bolt.
The bolt hits Jessica but does no damage.
Jessica mumbles something strange.
You shoot a bolt. The bolt closely misses Jessica.
The bolt barely misses the goblin.
Jessica hits you with a +7 club! Jessica hits you with a +7 club.
* * * LOW HITPOINT WARNING * * *
The goblin shoots a stone.
The stone hits you.
* * * LOW HITPOINT WARNING * * *
Jessica mumbles some strange words.
Jessica seems to speed up.
The goblin shoots a stone.
The stone closely misses you. Jessica hits you with a +7 club!
You die...

#...## { #...#
{ # #...# .#
#...# ..#
#...## #..#
#.#.g#####...#
#.##.........#
#.##..@......#
#......@.....#
#####........#
#........#
#....†...#
#........#
######'### #.#
#.# #.#


You could see Jessica (fast) and a goblin.

Vanquished Creatures
  A gnoll (D:1)
  A dart slug (D:1)
  4 endoplasms
  2 giant cockroaches (D:1)
  A goblin (D:1)
  5 jackals (D:1)
  2 ball pythons (D:1)
  2 bats (D:1)
  2 frilled lizards (D:1)
  A kobold (D:1)
  3 rats
24 creatures vanquished.

Notes
Turn   | Place    | Note
-------+----------+-------------------------------------------
     0 | D:1      | VictoriousLee the Formicid Hunter began the quest for the
                  | Orb.
     0 | D:1      | Reached XP level 1. HP: 16/16 MP: 1/1
    89 | D:1      | Reached XP level 2. HP: 22/22 MP: 2/2
   372 | D:1      | Reached XP level 3. HP: 27/27 MP: 3/3
   479 | D:1      | Reached skill level 5 in Crossbows
   901 | D:2      | Noticed Jessica
   913 | D:2      | Slain by Jessica

Illustrated notes

Levels and vault maps discovered:
D:1:      amcnicky_arrival_double_pillar, layout_loops_ring
D:2:      layout_basic, ebering_ecumenical_altar_webs, basic_altar,
          kennysheep_jessica_study

Skill      XL: |  1  2  3 |
---------------+----------+-----
Crossbows      | 5 |  5.1
Fighting       | |  2.1
Dodging        | |  1.7
Stealth        | |  1.2

Action                   || total
-------------------------++-------
Melee: Club              ||     5
 Fire: Hand crossbow     ||    50
Armor: Leather armour    ||     4
Dodge: Dodged            ||     5
